 Dungeon Crawl Stone Soup version 0.25.1-3-ge44b62a0b3 (webtiles) character file.

Game seed: 4715014762033613913

63585 Garmo the Impaler (level 15, -4/116 HPs)
             Began as a Merfolk Gladiator on Nov 23, 2020.
             Was a High Priest of Hepliaklqana.
             Slain by a sun demon (17 damage)
             ... summoned by an orc sorcerer
             ... led by an orc high priest
             ... on level 1 of the Orcish Mines.
             The game lasted 01:29:17 (26297 turns).

Garmo the Impaler (Merfolk Gladiator)              Turns: 26297, Time: 01:29:17

Health: -4/116     AC: 24    Str: 21    XL:     15   Next: 10%
Magic:  15/15      EV: 14    Int: 10    God:    Hepliaklqana [*****.]
Gold:   1732       SH:  0    Dex: 16    Spells: 14/14 levels left

rFire    . . .     SeeInvis .   H - +12 glaive of Prune {vorpal}
rCold    . . .     Gourm    .   (shield currently unavailable)
rNeg     . . .     Faith    .   s - +2 chain mail "Iffint" {MR++}
rPois    +         Spirit   .   W - +2 helmet
rElec    .         Reflect  .   a - +2 cloak {Stlth+}
rCorr    .         Harm     .   o - +2 pair of gloves {Str+3}
MR       ++++.                  L - +0 pair of boots
Stlth    ..........             (no amulet)
HPRegen  0.29/turn              l - ring of protection from magic
MPRegen  0.14/turn              g - ring of poison resistance

@: drained
A: change form in water, swift swim, stealthy swim, reduced essence
a: Recall Ancestor, Ancestor Identity, Transference, Idealise, Renounce Religion


You were on level 1 of the Orcish Mines.
You worshipped Hepliaklqana.
Hepliaklqana was extremely pleased with you.
You were not hungry.

You visited 4 branches of the dungeon, and saw 20 of its levels.
You also visited: Volcano.

You collected 1732 gold pieces.

Inventory:

Hand Weapons
 H - the +12 glaive of Prune (weapon) {vorpal}
   (You took it off an orc on level 9 of the Dungeon)

   It inflicts extra damage upon your enemies.
Missiles
 f - 3 throwing nets {!f}
 j - 93 poisoned darts
 y - 13 boomerangs (quivered)
 E - 5 silver javelins
Armour
 a - a +2 cloak of stealth (worn)
   (You took it off Maurice on level 9 of the Dungeon)
 o - a +2 pair of gloves of strength (worn)
   (You acquired it on level 8 of the Dungeon)
 s - the +2 chain mail "Iffint" (worn) {MR++}
   (You found it on level 1 of the Lair of Beasts)

   It affects your resistance to hostile enchantments.
 L - a +0 pair of boots (worn)
   (You found it on level 7 of the Dungeon)
 S - a +2 plate armour of fire resistance
   (You found it in a volcano)
 W - a +2 helmet (worn)
   (You found it on level 5 of the Lair of Beasts)
Jewellery
 g - a ring of poison resistance (right hand)
   (You took it off an orc on level 9 of the Dungeon)
 l - a ring of protection from magic (left hand)
   (You found it on level 3 of the Dungeon)
Wands
 c - a wand of disintegration (14)
   (You found it on level 7 of the Dungeon)
 d - a wand of iceblast (12)
   (You found it on level 12 of the Dungeon)
 t - a wand of flame (63)
   (You took it off Maggie on level 6 of the Dungeon)
 u - a wand of paralysis (14)
   (You found it on level 9 of the Dungeon)
 v - a wand of digging (12)
   (You found it on level 6 of the Dungeon)
 x - a wand of acid (2)
   (You found it on level 8 of the Dungeon)
 M - a wand of polymorph (6)
   (You found it on level 8 of the Dungeon)
Scrolls
 i - 4 scrolls of enchant weapon
 n - a scroll of magic mapping
 p - 10 scrolls of remove curse {@r2}
 A - a scroll of enchant armour
 B - a scroll of vulnerability {!r}
 K - a scroll of blinking
 P - a scroll of fog
 Q - 8 scrolls of teleportation {@r4}
Potions
 b - 3 potions of haste {@q3}
 h - a potion of heal wounds {@q2}
 m - 2 potions of mutation {!q}
 q - 8 potions of curing {@q1}
 w - a potion of cancellation
 z - 2 potions of flight
 C - 3 potions of stabbing
 D - 4 potions of brilliance
 F - 4 potions of berserk rage
 G - a potion of invisibility
 I - 3 potions of might
 J - a potion of magic {unknown}
 O - 2 potions of lignification {!q}
 Y - a potion of ambrosia {unknown}
Miscellaneous
 N - a phantom mirror
 X - a box of beasts
Comestibles
 e - 28 rations {!d}
 k - 9 chunks of flesh


   Skills:
 + Level 15.4(14.6) Fighting
 * Level 19.5(18.6) Polearms
 + Level 7.4(6.7) Throwing
 + Level 9.7(9.0) Armour
 - Level 11.0(10.2) Dodging


You had 14 spell levels left.
You didn't know any spells.
Your spell library contained the following spells:

 Spells                   Type           Power        Failure   Level  Hunger
 Animate Skeleton         Necr           N/A          95%         1    ##.....
 Summon Small Mammal      Summ           #...         95%         1    ##.....
 Call Imp                 Summ           #.......     99%         2    ###....
 Ensorcelled Hibernation  Hex/Ice        #.....       99%         2    ###....
 Sublimation of Blood     Necr           #.........   99%         2    ###....
 Call Canine Familiar     Summ           #.......     100%        3    ####...
 Confusing Touch          Hex            #.......     100%        3    ####...
 Gell's Gravitas          Tloc           #.........   100%        3    ####...
 Summon Guardian Golem    Hex/Summ       #.......     100%        3    ####...
 Petrify                  Tmut/Erth      #.......     100%        4    #####..
 Summon Ice Beast         Ice/Summ       #.......     100%        4    #####..
 Summon Lightning Spire   Summ/Air       #.......     100%        4    #####..
 Borgnjor's Vile Clutch   Necr/Erth      #.........   100%        5    ######.
 Metabolic Englaciation   Hex/Ice        #.........   100%        5    ######.
 Silence                  Hex/Air        #.........   100%        5    ######.
 Yara's Violent Unravell  Hex/Tmut       #.........   100%        5    ######.
 Darkness                 Hex            #.........   100%        6    #######
 Shadow Creatures         Summ           N/A          100%        6    #######
 Simulacrum               Ice/Necr       #.........   100%        6    #######


Dungeon Overview and Level Annotations

Branches:
Dungeon (12/15)            Temple (1/1) D:7            Lair (6/6) D:9
  Swamp (0/4) Lair:2       Spider (0/4) Lair:4        Slime (0/5) Lair:6
    Orc (1/2) D:9         Volcano (visited)

Altars:
Ashenzari
Cheibriados
Dithmenos
Elyvilon
Fedhas
Gozag
Hepliaklqana
Kikubaaqudgha
Makhleb
Nemelex Xobeh
Okawaru
Qazlal
Ru
Sif Muna
Trog
Uskayaw
Vehumet
Wu Jian
Xom
Yredelemnul
Zin
The Shining One
Beogh
Jiyva

Shops:
D:4 (   D:12 [   Orc:1 %%

Portals:
Abyss: Lair:5

Annotations:
D:2 1 runed translucent door, Crazy Yiuf
D:10 3 runed translucent doors, exclusion: orange crystal statue
Lair:4 2 transporters
Lair:5 2 transporters, Caath's ghost, journeyman DrFi
Orc:1 1 runed translucent door


Message History

The orc high priest mumbles some strange prayers to Beogh against you.
Beogh smites you!
Attack whom?
Aim: an orc high priest, wielding a +0 mace (strong)
The orange demon is in the way.
You barely miss the orange demon. The orange demon misses you.
The orange demon closely misses you.
Attack whom?
Aim: an orc high priest, wielding a +0 mace (strong)
You open the orc high priest like a pillowcase!!!
You hear a shout!
The orange demon completely misses you.
The orange demon hits you but does no damage.
Attack whom?
Aim: an orc high priest, wielding a +0 mace (almost dead, strong)
You slice the orc high priest!!
You kill the orc high priest!
The orange demon disappears in a puff of smoke!
The orc warrior no longer looks unusually strong.
You hit the sun demon. The sun demon barely misses you.
The orc warrior hits you from afar with a +0 glaive.
You slice the sun demon!! The sun demon hits you.
You are engulfed in flames!
You slice the sun demon!! The sun demon hits you.
You are engulfed in flames!
You hit the sun demon. The sun demon barely misses you.
You hit the sun demon but do no damage. The sun demon hits you.
You are engulfed in flames!!
* * * LOW HITPOINT WARNING * * *
Things that are here:
a +0 giant club; a warg skeleton
Things that are here:
a +0 chain mail; a +0 vorpal glaive; an orc skeleton The orc sorcerer no longer looks unusually strong.
The sun demon hits you but does no damage.
Items here: )))) [[[[
Things that are here:
a +0 plate armour; a +0 battleaxe You see here an orc skeleton.
An orc comes into view.
Items here: )))) [[[[ ÷
Items here: )) [ ÷ † a +0 hand axe; a +0 plate armour; a +0 vorpal flail; an orc skeleton an orc corpse The orc sorcerer casts a spell at you.
The bolt of negative energy hits the sun demon.
The sun demon completely resists.
The bolt of negative energy hits you!!
You feel drained.
* * * LOW HITPOINT WARNING * * *
The sun demon hits you!
* * * LOW HITPOINT WARNING * * *
You are engulfed in flames!
You die...

#$..##.)).# #
####.).#).#..# ##.
##.####.))##....#
##..##
#..#####).####.##
#.....##....#o[...##
.#
.....#.....oo..)..#
#
...#.....#..[..##..#
#........#)..∩.# .##
. #<@3[##.....#
###).####..##
##..[.## ###
#......###
#...###...#
##......### ###...##
##.. ..>


You could see a sun demon (summoned), an orc sorcerer, an orc warrior and an
orc.

Vanquished Creatures
  Gastronok (Lair:1)
  Josephine (Lair:5)
  An ogre mage (Volcano)
  Fannar (Lair:2)
  6 hydras
  A catoblepas (Lair:4)
  5 two-headed ogres
  6 death yaks
  An orc high priest (Orc:1)
  3 skeletal warriors (D:10)
  A lindwurm (Lair:6)
  2 orc knights (Orc:1)
  An ugly thing (D:12)
  3 cyclopes
  5 elephants (Lair:5)
  Maurice (D:9)
  2 molten gargoyles (Volcano)
  9 black mambas
  A centaur zombie (D:12)
  A gargoyle (D:11)
  Maggie (D:6)
  8 spiny frogs
  8 komodo dragons
  A queen bee (Lair:1)
  2 trolls
  3 polar bears
  8 hippogriffs
  A hornet (D:8)
  A bog body (Lair:2)
  8 blink frogs
  A spriggan (Lair:4)
  3 wraiths (Lair:5)
  Grum (D:11)
  37 yaks
  A fire bat (Volcano)
  8 wyverns
  2 hungry ghosts
  4 basilisks
  2 steam dragons (Lair:6)
  5 wargs
  12 water moccasins
  4 hell hounds (Lair:6)
  5 porcupines
  2 eyes of draining
  20 orc warriors
  2 ice beasts
  3 sky beasts
  5 black bears
  8 ogres
  A necrophage (D:5)
  A phantom (D:9)
  15 centaurs
  6 wolves
  11 crocodiles
  2 big kobolds
  16 bullfrogs
  A wyvern zombie (D:9)
  A water moccasin skeleton (D:9)
  28 killer bees
  3 scorpions
  3 wights (D:11)
  A howler monkey (D:5)
  11 lava snakes
  7 crimson imps
  5 jellies
  A quasit (D:9)
  A bullfrog zombie (D:11)
  24 orc priests
  16 orc wizards
  3 bullfrog skeletons
  A centaur skeleton (D:4)
  6 hounds
  7 iguanas
  Natasha (D:1)
  7 worker ants
  A howler monkey zombie (D:10)
  4 gnolls
  18 adders
  A howler monkey skeleton (D:4)
  4 shadow imps
  An ooze (D:5)
  2 worms
  2 leopard geckos (D:5)
  97 orcs
  4 bats
  2 giant cockroaches
  4 goblins
  6 hobgoblins (D:1)
  7 jackals
  15 quokkas
  4 frilled lizards
  A jackal skeleton (D:5)
  A jackal zombie (D:8)
  10 kobolds
  A leopard gecko skeleton (D:6)
  2 quokka skeletons (D:4)
  8 rats
  A spectral orc (D:4)
593 creatures vanquished.

Vanquished Creatures (collateral kills)
  A fire dragon (Lair:6)
  A hydra (Lair:6)
  A hell knight (Volcano)
  2 molten gargoyles (Lair:6)
  A rime drake (Lair:3)
  A hippogriff (Lair:6)
  3 yaks
  A basilisk (Lair:1)
  A wraith (Lair:5)
  2 sky beasts (D:8)
  A water moccasin (Lair:1)
  An ogre (Orc:1)
  A phantom (D:11)
  A crocodile (Lair:2)
  3 bullfrogs
  A killer bee (D:12)
  A lava snake (Lair:6)
  A quasit (D:9)
  An orc priest (D:8)
  A bullfrog skeleton (D:9)
  A centaur skeleton (D:8)
  3 orc wizards (Orc:1)
  7 orcs
  A plant (Lair:5)
38 creatures vanquished.

Vanquished Creatures (others)
  10 knights
  7 ancestors
  A fungus (Lair:3)
  7 plants
25 creatures vanquished.

Grand Total: 656 creatures vanquished

Notes
Turn   | Place    | Note
-------+----------+-------------------------------------------
     0 | D:1      | Garmo the Merfolk Gladiator began the quest for the Orb.
     0 | D:1      | Reached XP level 1. HP: 16/16 MP: 1/1
   251 | D:1      | Reached XP level 2. HP: 23/23 MP: 2/2
   366 | D:1      | Reached XP level 3. HP: 20/28 MP: 3/3
   865 | D:2      | Noticed Natasha
   879 | D:1      | Killed Natasha
   879 | D:1      | Reached skill level 5 in Polearms
   975 | D:2      | Reached XP level 4. HP: 35/35 MP: 4/4
  1029 | D:2      | Found a runed translucent door.
  1030 | D:2      | Noticed Crazy Yiuf
  1132 | D:2      | Found an opulent altar of Gozag.
  1321 | D:2      | Reached skill level 5 in Dodging
  1572 | D:3      | Found a snail-covered altar of Cheibriados.
  2074 | D:2      | Reached XP level 5. HP: 41/41 MP: 5/5
  2444 | D:3      | Reached skill level 6 in Polearms
  2966 | D:4      | Noticed an ogre
  3035 | D:4      | Reached XP level 6. HP: 6/48 MP: 6/6
  3722 | D:4      | Reached skill level 7 in Polearms
  3726 | D:4      | Reached XP level 7. HP: 31/55 MP: 7/7
  4027 | D:4      | Found a basalt altar of Yredelemnul.
  4078 | D:4      | Found Itsuthre's Weapon Emporium.
  4388 | D:5      | Entered Level 5 of the Dungeon
  4588 | D:4      | Reached skill level 5 in Fighting
  5259 | D:5      | Reached skill level 8 in Polearms
  5607 | D:5      | Reached XP level 8. HP: 60/64 MP: 8/8
  6039 | D:5      | Got a steaming flail
  6176 | D:5      | Reached skill level 9 in Polearms
  6640 | D:6      | Found a stormy altar of Qazlal.
  6645 | D:6      | Found a sacrificial altar of Ru.
  6717 | D:6      | Noticed Maggie
  7216 | D:6      | Reached skill level 10 in Polearms
  7216 | D:6      | Reached XP level 9. HP: 71/72 MP: 9/9
  7412 | D:6      | Killed Maggie
  8037 | D:7      | Reached skill level 10 in Dodging
  8450 | D:7      | Reached skill level 11 in Polearms
  8456 | D:7      | Identified the +5 hand crossbow "Myewnec" {freeze, Int+7
                  | Dex+2}
  8775 | D:7      | Found a glowing silver altar of Zin.
  9201 | D:7      | Found a staircase to the Ecumenical Temple.
  9244 | Temple   | Entered the Ecumenical Temple
  9374 | Temple   | Became a worshipper of Hepliaklqana the Forgotten
  9724 | D:8      | Reached XP level 10. HP: 40/74 MP: 10/10
  9979 | D:8      | Reached skill level 12 in Polearms
  9979 | D:8      | Reached skill level 1 in Armour
 10413 | D:8      | Reached * piety under Hepliaklqana
 10674 | D:9      | Found a roughly hewn altar of Beogh.
 11322 | D:9      | Found a staircase to the Orcish Mines.
 11404 | D:9      | Noticed a cyclops
 11405 | D:9      | Reached skill level 10 in Fighting
 11672 | D:8      | Identified a scroll of acquirement
 11672 | D:8      | Acquired a +2 pair of gloves of strength
 11864 | D:8      | Reached skill level 13 in Polearms
 12134 | D:9      | Killed a cyclops
 12452 | D:9      | Reached XP level 11. HP: 82/82 MP: 11/11
 12487 | D:9      | Found a staircase to the Lair.
 12518 | D:9      | Noticed Maurice
 12538 | D:9      | Killed Maurice
 12909 | D:10     | Entered Level 10 of the Dungeon
 13063 | D:10     | Noticed a skeletal warrior
 13066 | D:10     | Noticed a skeletal warrior
 13067 | D:10     | Noticed a skeletal warrior
 13075 | D:10     | Killed a skeletal warrior
 13075 | D:10     | Reached skill level 14 in Polearms
 13087 | D:10     | Killed a skeletal warrior
 13088 | D:10     | Killed a skeletal warrior
 13219 | D:10     | Reached skill level 5 in Armour
 13442 | D:10     | Found a runed translucent door.
 13451 | D:10     | Found a runed translucent door.
 13773 | D:10     | Found a runed translucent door.
 13795 | D:10     | Found a runed translucent door.
 14168 | D:10     | Noticed an orange crystal statue
 14282 | D:11     | Noticed Grum
 14289 | D:11     | Reached skill level 15 in Polearms
 14300 | D:11     | Killed Grum
 14478 | D:11     | Reached XP level 12. HP: 85/91 MP: 12/12
 14643 | D:11     | Noticed a two-headed ogre
 14653 | D:11     | Killed a two-headed ogre
 15341 | D:11     | Reached ** piety under Hepliaklqana
 15342 | D:11     | Remembered your ancestor Preben as a knight
 15616 | Lair:1   | Entered Level 1 of the Lair of Beasts
 15986 | Lair:1   | Got a scorched chain mail
 16019 | Lair:1   | Identified the +2 chain mail "Iffint" {MR++} (You found it
                  | on level 1 of the Lair of Beasts)
 16168 | Lair:1   | Noticed Gastronok
 16211 | Lair:1   | Killed Gastronok
 16211 | Lair:1   | Reached skill level 16 in Polearms
 16768 | Lair:2   | Noticed Fannar
 16797 | Lair:2   | Killed Fannar
 17045 | Lair:2   | Reached *** piety under Hepliaklqana
 17123 | Lair:2   | Reached XP level 13. HP: 99/99 MP: 13/13
 17622 | Lair:2   | Found a staircase to the Swamp.
 17913 | Lair:3   | Found a snail-covered altar of Cheibriados.
 18053 | Lair:3   | Reached skill level 17 in Polearms
 18545 | Lair:3   | Reached **** piety under Hepliaklqana
 19074 | Lair:4   | Found a hole to the Spider Nest.
 19321 | Lair:4   | Found a transporter.
 19349 | Lair:4   | Found a transporter.
 20240 | Lair:5   | Noticed Josephine
 20256 | Lair:5   | Killed Josephine
 20448 | Lair:5   | You fall into a shaft and drop 1 floor!
 20448 | Lair:6   | Entered Level 6 of the Lair of Beasts
 20474 | Lair:6   | Found a dark tunnel.
 20481 | Volcano  | Entered a volcano
 20866 | Volcano  | Found a burning altar of Makhleb.
 20866 | Volcano  | Noticed an ogre mage
 20881 | Volcano  | Reached skill level 18 in Polearms
 20885 | Volcano  | Killed an ogre mage
 21027 | Volcano  | Reached XP level 14. HP: 80/108 MP: 14/14
 21756 | Lair:5   | Reached skill level 5 in Throwing
 21880 | Lair:5   | Noticed Caath's ghost (journeyman DrFi)
 21990 | Lair:5   | Identified the +1 short sword of Harmony {distort, Str+6}
 21995 | Lair:5   | Found a one-way gate to the infinite horrors of the Abyss.
 21995 | Lair:5   | Found a transporter.
 22087 | Lair:5   | Found a transporter.
 22115 | Lair:5   | Reached ***** piety under Hepliaklqana
 22954 | Lair:6   | Found a viscous altar of Jiyva.
 22954 | Lair:6   | Found a staircase to the Slime Pits.
 23556 | Lair:6   | Reached skill level 15 in Fighting
 23753 | Lair:6   | Found a large runed translucent door.
 23754 | Lair:6   | Found a large runed translucent door.
 23981 | Lair:6   | Reached skill level 19 in Polearms
 24461 | Lair:6   | Identified the Incunabulum of Black Secrets
 25046 | D:12     | Found Soddez's Armour Shoppe.
 25965 | Orc:1    | Entered Level 1 of the Orcish Mines
 25965 | Orc:1    | Found Naej's Food Shoppe.
 25971 | Orc:1    | Reached XP level 15. HP: 104/116 MP: 15/15
 26255 | Orc:1    | Found Ifipul's Food Shoppe.
 26258 | Orc:1    | Found a runed translucent door.
 26297 | Orc:1    | Slain by a sun demon

Illustrated notes

Levels and vault maps discovered:
D:1:      shiori_arrival_oz, layout_loops_ring
D:2:      layout_basic, nicolae_overflow_crystal_walls, uniq_crazy_yiuf_cottage,
          uniq_natasha
D:3:      layout_rooms, first_ration, cheibriados_altar_1
D:4:      layout_rooms, yredelemnul_forgotten_temple_becter, serial_shops,
          shop_coins, kennysheep_doodads
D:5:      layout_basic, minmay_misc_feat_ornament
D:6:      layout_basic, minitemple, chequers_ossuary_entry_cave, uniq_maggie
D:7:      layout_basic, overflow_temple_1_default,
          minmay_temple_entry_enclosed_plants
D:8:      layout_loops_ring
D:9:      layout_roguey, erik_lair_orcish_takeover, david_orc_5, uniq_maurice
D:10:     layout_loops_ring, serial_rivers, chequers_serial_rivers_marsh,
          chequers_serial_rivers_micro_d, chequers_serial_rivers_micro_e,
          chequers_serial_rivers_micro_c, chequers_serial_rivers_small_a,
          blue_anna_alchemist [blue_anna_fruit_fields, blue_anna_fruit_fields],
          minmay_misc_feat_hallway, minmay_statue_crystal_thing
D:11:     layout_basic, uniq_grum
D:12:     layout_roguey, serial_shops, nicolae_shop_statue_plus
Temple:   nicolae_temple_elliptical
Lair:1:   layout_loops_ring, special_room [special_room_bee], uniq_gastronok
Lair:2:   layout_regular_city, skrybe_swamp_entry_bodies,
          cheibrodos_lair_lostbears, serial_bayou_shore_b, grunt_megastairs_3,
          uniq_fannar
Lair:3:   layout_roguey, basic_altar, st_stairs_11, lemuel_fruit_fields,
          serial_bayou_shore_b, serial_bayou_shore_a
Lair:4:   gammafunk_cloud_chamber, layout_regular_city, dummy_spider_entry,
          grunt_forest_stairs_clearing, lemuel_fruit_fields, grunt_megastairs_4
Lair:5:   layout_gridlike, gammafunk_ghost_abyssal_escape,
          lemuel_another_geyser, uniq_josephine
Lair:6:   cheibrodos_lair_end_hotspot, layout_gridlike, slime_altar_1,
          nicolae_volcano_entry_lava_flow, gauntlet_entry_generic
Orc:1:    layout_diamond_mine, serial_shops, shop, shop, nicolae_shop_stone,
          shop, library_closet, chequers_guarded_unrand_ignorance

Skill      XL: |  1  2  3  4  5  6  7  8  9 10 11 12 13 14 |
---------------+-------------------------------------------+-----
Polearms       | 5 6 7 8 10 11 13 15 16 18 19 | 19.5
Fighting       | 3 4 5 7 9 10 11 13 14 15 | 15.4
Dodging        | 5 6 7 9 11 | 11.0
Armour         | 3 5 7 8 9 |  9.7
Throwing       | 4 7 |  7.4

Action                   |  1- 3 |  4- 6 |  7- 9 | 10-12 | 13-15 || total
-------------------------+-------+-------+-------+-------+-------++-------
Melee: Trident           |    53 |   234 |   576 |       |       ||   863
       Glaive            |       |       |    30 |   577 |   534 ||  1141
Throw: Dart              |     6 |     5 |    15 |     2 |     4 ||    32
       Stone             |       |    45 |    24 |    19 |    23 ||   111
       Throwing net      |       |       |     2 |       |       ||     2
       Javelin           |       |       |       |       |    23 ||    23
       Boomerang         |       |       |       |       |    33 ||    33
Invok: Ancestor Life: Kn |       |       |       |     1 |       ||     1
       Recall Ancestor   |       |       |       |       |     2 ||     2
Evoke: Wand              |       |       |       |       |     5 ||     5
  Use: Scroll            |       |    10 |     1 |    10 |    12 ||    33
       Potion            |       |       |       |     1 |     1 ||     2
 Stab: Sleeping          |     2 |       |       |       |       ||     2
       Held in net/web   |       |       |     1 |       |       ||     1
       Distracted        |       |       |       |     3 |     3 ||     6
       Petrified         |       |       |       |       |     1 ||     1
  Eat: Chunk             |       |     6 |    15 |    20 |    22 ||    63
       Ration            |       |     1 |     1 |     2 |     2 ||     6
Armor: Leather armour    |     3 |       |       |       |       ||     3
       Ring mail         |       |    61 |    79 |       |       ||   140
       Scale mail        |       |       |    45 |   106 |       ||   151
       Chain mail        |       |       |       |    38 |   227 ||   265
       Plate armour      |       |       |       |       |    80 ||    80
Dodge: Dodged            |    17 |   180 |   363 |   404 |   309 ||  1273
